Map: Proxima Station LE

Players

Zanster

  • Race: Zerg Zerg
  • Spawn Location: 7:00

Optimus - Winner!

  • Race: Terran Terran
  • Spawn Location: 1:00

Event: WCS Austin 2017

VOD

Have the link to the VOD?

Description

Time

  • Played on: April 28, 2017, 5:22 p.m.
  • Length: 16:41

All games in this series

Show
View Real Time Build Order
Export as new Build Order

Zanster Zerg 

Build Orders: Hatch First, Muta Ling Bane 

Get SALT Encoding   

  12  0:00  Drone  
  13  0:12  Overlord  
  13  0:16  Drone  
  14  0:30  Drone  
  14  0:31  Drone  
  14  0:35  Drone  
  17  0:45  Drone  
  18  0:55  Hatchery  
  17  0:58  Drone  
  18  1:04  Extractor  
  17  1:13  Spawning Pool  
  17  1:15  Drone  
  17  1:19  Drone  
  18  1:28  Drone  
  19  1:40  Drone  
  20  1:50  Overlord  
  20  2:01  Queen  
  20  2:07  Queen  
  20  2:08  Zergling x4, Metabolic Boost  
  26  2:11  Zergling x2  
  27  2:18  Drone  
  28  2:23  Drone  
  28  2:29  Drone  
  30  2:36  Drone  
  30  2:41  Drone  
  30  2:42  Queen  
  33  2:46  Lair  
  33  2:47  Drone  
  33  2:51  Drone  
  35  2:55  Overlord  
  35  3:01  Overlord  
  35  3:15  Drone x5  
  35  3:17  Drone x3  
  43  3:22  Queen  
  43  3:26  Drone  
  46  3:27  Drone  
  46  3:30  Drone  
  48  3:37  Baneling Nest  
  48  3:38  Overlord  
  47  3:41  Extractor  
  47  3:44  Extractor  
  47  3:45  Drone  
  46  3:50  Queen  
  46  3:52  Drone x2  
  46  3:54  Drone  
  46  3:55  Drone  
  52  3:58  Drone x2  
  54  4:02  Overlord  
  54  4:06  Overlord  
  54  4:15  Spire, Extractor  
  52  4:21  Zergling x2, Overlord  
  53  4:29  Zergling x4  
  53  4:30  Zergling x2  
  50  4:32  Drone x3  
  50  4:34  Drone  
  50  4:36  Drone  
  51  4:41  Drone  
  51  4:42  Drone  
  51  4:43  Drone  
  52  4:49  Drone  
  53  4:54  Drone  
  53  4:58  Drone  
  55  5:08  Drone  
  55  5:10  Drone x3  
  59  5:14  Hatchery  
  59  5:15  Overlord  
  59  5:20  Zergling x6  
  62  5:21  Zergling x2  
  59  5:29  Overlord  
  59  5:38  Mutalisk x2  
  59  5:42  Mutalisk  
  63  5:43  Mutalisk x2  
  63  5:46  Mutalisk  
  63  5:49  Mutalisk  
  71  5:54  Mutalisk  
  75  5:57  Mutalisk  
  77  6:10  Drone x4  
  81  6:12  Drone x3  
  81  6:15  Centrifical Hooks  
  84  6:22  Overlord  
  84  6:26  Zergling x2  
  84  6:27  Zergling x2  
  84  6:31  Evolution Chamber  
  84  6:32  Evolution Chamber  
  84  6:34  Zergling x4  
  84  6:35  Zergling x2  
  84  6:37  Zerg Flyer Weapons Level 1  
  87  6:45  Zergling x10  
  87  6:46  Zergling x2  
  91  6:49  Baneling x4  
  87  7:02  Zergling x2  
  87  7:03  Zergling x12  
  92  7:11  Overlord  
  85  7:16  Mutalisk x2  
  85  7:19  Baneling x4  
  89  7:24  Mutalisk  
  89  7:26  Drone x5  
  94  7:48  Drone x8, Zerg Melee Weapons Level 1  
  94  7:49  Drone x2  
  97  8:03  Extractor  
  97  8:04  Overlord, Extractor  
  91  8:07  Zergling x14  
  98  8:15  Hatchery  
  98  8:16  Zergling x2  
  98  8:17  Zergling x10  
  103  8:22  Baneling  
  103  8:23  Baneling x3  
  103  8:25  Zerg Ground Armor Level 1  
  103  8:31  Zergling x10  
  107  8:36  Zergling x8  
  107  8:40  Overlord  
  111  8:41  Overlord  
  111  8:42  Overlord  
  111  8:47  Overlord  
  111  8:59  Baneling  
  111  9:00  Zergling x2, Baneling x5  
  111  9:01  Zergling x12  
  111  9:02  Baneling x8  
  118  9:03  Zergling x2  
  118  9:04  Zergling x4  
  118  9:07  Overseer  
  118  9:11  Overlord  
  113  9:23  Zergling x12  
  113  9:24  Zergling x4  
  110  9:29  Queen  
  112  9:31  Drone  
  112  9:32  Drone x2  
  115  9:43  Zerg Flyer Weapons Level 2  
  115  9:44  Zerg Melee Weapons Level 2  
  115  9:46  Mutalisk x2  
  115  9:50  Zergling x16  
  127  9:57  Mutalisk x2  
  127  9:59  Drone x2  
  127  10:11  Zergling x6  
  127  10:12  Zergling x14  
  137  10:17  Mutalisk x2  
  137  10:19  Mutalisk  
  142  10:36  Drone x5  
  142  10:37  Drone x2  
  149  10:43  Overlord  
  149  10:46  Hatchery  
  148  10:55  Zergling x10  
  151  10:57  Overlord  
  141  11:05  Mutalisk x6  
  141  11:07  Overlord  
  135  11:12  Zergling x18  
  135  11:13  Zergling x2  
  140  11:23  Baneling  
  140  11:24  Baneling x3  
  137  11:34  Mutalisk x5  
  137  11:35  Hatchery  
  137  11:39  Zergling x2  
  147  11:40  Zergling x12  
  139  11:52  Zergling x2  
  139  11:53  Zergling x22  
  138  11:56  Baneling x7  
  138  12:00  Overseer  
  137  12:01  Zergling x2  
  137  12:02  Zergling x6, Baneling  
  137  12:03  Baneling x4  
  137  12:04  Baneling x4  
  137  12:07  Overseer  
  136  12:09  Zergling x10  
  136  12:21  Zergling x8  
  136  12:22  Baneling x5  
  132  12:23  Baneling x5  
  127  12:36  Zergling x24  
  119  12:44  Mutalisk  
  119  12:45  Mutalisk x2  
  119  12:47  Zergling x2  
  120  12:55  Zergling x8  
  120  12:56  Baneling  
  120  12:57  Baneling x4  
  122  13:02  Extractor  
  121  13:07  Zergling x2  
  121  13:08  Zergling x14  
  121  13:09  Overseer x2  
  129  13:16  Queen  
  129  13:17  Mutalisk x2  
  135  13:26  Baneling x5  
  135  13:28  Zergling x12  
  135  13:34  Hatchery  
  138  13:42  Burrow  
  138  13:45  Zerg Ground Armor Level 2  
  138  13:52  Zergling x2  
  138  13:53  Zergling x20  
  149  14:00  Zergling x12  
  149  14:01  Zergling x2  
  156  14:10  Zergling x16  
  156  14:13  Baneling x12  
  156  14:14  Baneling  
  163  14:21  Zergling x12  
  159  14:28  Baneling  
  159  14:29  Baneling x10  
  152  14:33  Zergling x4  
  138  14:43  Zergling x20  
  138  14:44  Zergling x2  
  117  15:00  Zergling x22  
  117  15:05  Baneling x7  
  126  15:15  Zergling x8  
  118  15:26  Mutalisk x3  
  108  15:32  Baneling  
  108  15:33  Baneling x2  
  108  15:34  Zergling x6  
  106  15:36  Zergling x6  
  106  15:37  Baneling x6  
  106  15:38  Baneling  
  109  15:48  Zergling x10  
  106  16:00  Zergling x14  
  106  16:02  Baneling  
  106  16:03  Baneling  
  99  16:11  Zergling x8  
  99  16:18  Baneling  
Show
View Real Time Build Order
Export as new Build Order

Optimus Terran - Winner!

Build Orders: Hellion Opening, Reaper Expand, Bio Mine 

Get SALT Encoding   

  12  0:00  SCV  
  13  0:12  SCV  
  14  0:18  Supply Depot  
  14  0:24  SCV  
  15  0:29  Refinery  
  15  0:40  SCV  
  16  0:45  Barracks  
  16  0:52  SCV  
  18  1:04  SCV  
  18  1:16  SCV  
  19  1:32  Reaper, Orbital Command  
  20  1:44  Command Center  
  20  1:54  Factory  
  20  1:58  SCV  
  21  2:07  Supply Depot  
  21  2:08  Barracks Reactor  
  21  2:12  SCV  
  22  2:16  Refinery  
  22  2:24  SCV  
  23  2:36  SCV  
  24  2:43  Starport  
  24  2:48  SCV  
  24  2:49  Hellion  
  24  2:50  Hellion  
  24  2:51  Marine  
  29  2:57  Orbital Command  
  30  3:00  SCV  
  31  3:11  Hellion x2  
  35  3:13  Barracks Tech Lab  
  35  3:16  SCV  
  36  3:23  Viking  
  36  3:25  SCV  
  39  3:32  SCV  
  40  3:35  Hellion  
  40  3:36  Hellion  
  40  3:40  Supply Depot  
  44  3:42  SCV  
  44  3:45  SCV  
  46  3:58  Supply Depot  
  46  4:02  Raven, SCV x2  
  50  4:05  Supply Depot  
  50  4:14  SCV  
  51  4:17  SCV  
  51  4:23  Marine  
  52  4:26  Command Center, SCV  
  52  4:29  SCV  
  48  4:38  SCV  
  48  4:42  Factory Reactor  
  48  4:45  SCV  
  44  4:46  Barracks  
  44  4:50  Barracks, SCV  
  44  4:51  Marine  
  44  4:52  Refinery, Stimpack  
  47  5:00  Starport Reactor  
  47  5:02  SCV  
  47  5:05  Engineering Bay  
  47  5:06  Engineering Bay  
  47  5:08  SCV  
  47  5:10  Marine  
  49  5:14  SCV  
  49  5:20  SCV  
  51  5:27  SCV  
  51  5:28  Marine  
  52  5:31  Barracks  
  52  5:33  Terran Infantry Armor Level 1, Terran Infantry Weapons Level 1, Barracks  
  53  5:37  Factory Reactor, Marine x2  
  53  5:41  Missile Turret  
  55  5:45  Marine  
  55  5:46  Marine x2  
  55  5:48  Medivac x2, SCV  
  55  5:49  SCV  
  64  5:52  Missile Turret  
  64  5:54  Missile Turret  
  64  5:55  Marine x2  
  66  5:58  Orbital Command  
  66  6:00  SCV  
  66  6:02  SCV  
  68  6:04  Marine x3  
  68  6:11  Supply Depot  
  71  6:13  SCV  
  71  6:14  Refinery, SCV  
  71  6:16  Marine x2  
  75  6:20  Barracks Reactor  
  75  6:23  Factory Reactor  
  75  6:25  SCV  
  76  6:26  Marine x4, SCV  
  76  6:27  Marine  
  76  6:28  SCV  
  83  6:33  Supply Depot  
  83  6:35  Marine x2  
  83  6:37  SCV  
  83  6:38  SCV  
  87  6:40  SCV  
  87  6:41  Armory  
  87  6:44  Marine  
  88  6:48  Marine  
  88  6:49  SCV  
  88  6:50  Marine x2, SCV  
  88  6:52  SCV  
  88  6:53  Marine x3  
  91  6:59  Marine  
  91  7:00  Marine  
  89  7:01  SCV  
  89  7:02  Marine, SCV  
  89  7:04  Combat Shields  
  89  7:06  Widow Mine x2, Marine  
  93  7:10  Supply Depot  
  84  7:15  Marine  
  84  7:16  Marine x3  
  84  7:17  Marine  
  84  7:21  Barracks  
  89  7:23  SCV  
  89  7:24  Barracks, Marine  
  89  7:27  SCV  
  89  7:28  SCV  
  89  7:29  Barracks  
  91  7:34  Marine x4  
  91  7:37  Widow Mine x2  
  94  7:50  Marine  
  94  7:51  Marine, SCV  
  93  7:52  SCV x2  
  93  7:55  Marine  
  96  7:58  Terran Infantry Weapons Level 2, Terran Infantry Armor Level 2  
  96  7:59  Medivac x2  
  96  8:00  Marine  
  96  8:01  Marine x4  
  96  8:03  SCV  
  96  8:04  SCV  
  103  8:08  Missile Turret, SCV  
  102  8:15  SCV  
  102  8:16  SCV  
  102  8:18  Supply Depot  
  104  8:20  SCV  
  104  8:21  Supply Depot  
  104  8:22  Barracks  
  104  8:24  Barracks  
  105  8:27  Barracks  
  105  8:29  SCV  
  105  8:32  Medivac x2  
  109  8:35  Missile Turret  
  109  8:38  Widow Mine  
  109  8:39  Marine x3  
  109  8:40  Marine  
  117  8:41  Widow Mine  
  117  8:43  Marine  
  117  8:44  Marine  
  117  8:45  Marine x3  
  117  8:46  SCV  
  120  8:52  SCV x2  
  121  8:57  Marine x3  
  121  8:58  Marine  
  121  9:00  Marine, SCV  
  121  9:02  Marine  
  125  9:05  Marine x3  
  125  9:07  SCV  
  128  9:10  Marine x2  
  128  9:14  Marine  
  126  9:23  Medivac x2, Marine  
  121  9:32  Supply Depot  
  121  9:35  Marine x6  
  121  9:37  Barracks Tech Lab, SCV  
  121  9:38  SCV x2  
  128  9:39  Barracks Tech Lab  
  128  9:40  Missile Turret  
  128  9:42  Widow Mine  
  128  9:45  Widow Mine  
  132  9:50  SCV x2  
  134  9:57  Marine x6  
  134  9:59  Marauder x2  
  143  10:05  Medivac  
  146  10:10  Supply Depot x2  
  146  10:11  Concussive Shells  
  146  10:13  Marauder  
  146  10:19  Widow Mine  
  146  10:20  Marine  
  149  10:31  Marauder, Marine x6  
  149  10:32  Marauder  
  149  10:35  Marauder  
  163  10:37  Supply Depot  
  163  10:38  Supply Depot, Marine  
  163  10:40  Medivac  
  164  10:49  Marine  
  165  10:58  Marine x3  
  165  10:59  Marine, Medivac, Marauder  
  165  11:00  Marauder x2, Marine  
  160  11:12  Terran Infantry Weapons Level 3, Marine x2, Terran Infantry Armor Level 3  
  160  11:16  Widow Mine, Marine x3  
  160  11:17  Medivac, Marine x2  
  167  11:20  Marauder  
  167  11:24  Marauder  
  167  11:25  Marauder  
  173  11:29  Medivac  
  174  11:33  Marine  
  174  11:34  Marine x4  
  174  11:35  Marine  
  174  11:37  Marine  
  180  11:42  Marauder  
  180  11:45  Marine  
  180  11:46  Marauder  
  175  11:51  Marine  
  175  11:52  Marine x4  
  165  12:03  Marauder  
  165  12:04  Marauder  
  165  12:05  Marine  
  165  12:07  Marauder  
  171  12:13  Widow Mine  
  171  12:14  Orbital Command  
  170  12:18  Medivac x2  
  170  12:19  Marine x2  
  170  12:20  Marine x3  
  170  12:21  Marine  
  157  12:23  Marine  
  157  12:25  Marauder, Marine  
  157  12:28  Marine  
  137  12:37  Marine x2  
  137  12:41  Marine x4  
  137  12:43  Marauder  
  132  12:46  Marauder, Marine  
  132  12:49  Missile Turret  
  125  12:55  Marine  
  119  12:59  Marine x3  
  119  13:04  Marine x3  
  119  13:05  Barracks, Missile Turret  
  119  13:06  Factory, Barracks Reactor  
  119  13:07  Widow Mine, Marine  
  119  13:09  Widow Mine  
  124  13:13  Marine  
  124  13:16  Marine  
  124  13:17  Liberator  
  124  13:18  Liberator  
  126  13:20  Marine x2  
  126  13:22  Marine  
  126  13:23  Marauder x2  
  126  13:25  Marine  
  134  13:27  Missile Turret  
  134  13:29  Bunker, Refinery  
  133  13:36  Widow Mine  
  133  13:37  Widow Mine  
  133  13:40  Marine x4  
  138  13:47  Marauder  
  142  13:48  Marauder x2, Marine  
  142  13:52  Factory Tech Lab  
  142  13:53  Marine  
  142  13:54  Marine x2  
  148  13:58  Marine x3  
  148  14:01  Supply Depot  
  151  14:04  Liberator x2, Widow Mine  
  151  14:06  Widow Mine  
  151  14:07  Marine x2  
  151  14:09  Marauder, Marine  
  160  14:10  Marauder  
  160  14:11  Marine x2  
  160  14:12  Marine  
  160  14:15  Marine  
  162  14:30  Marine x7  
  160  14:38  Marine  
  160  14:39  Widow Mine, Marine  
  151  14:47  Liberator x2, Marine  
  151  14:48  Marine x6  
  151  14:49  Widow Mine, Drilling Claws  
  151  14:51  Widow Mine  
  149  15:02  Marauder, Marine  
  149  15:03  Marine  
  149  15:05  Marine  
  149  15:06  Marine x6  
  154  15:09  Refinery, Unknown x5  
  140  15:25  Marine x10  
  140  15:26  Widow Mine  
  140  15:27  Widow Mine  
  138  15:29  Widow Mine  
  140  15:36  Marauder  
  142  15:44  Marauder x2  
  142  15:45  Marine x4  
  150  15:53  Marine  
  150  15:54  Marine x3  
  150  15:55  Widow Mine  
  148  16:01  Medivac x2  
  146  16:05  Refinery  
  132  16:11  Marine  
  132  16:12  Marauder  
Tags
 
Add a new tag
Caveats
  • Supply blocks, unpowered buildings, or Contaminate may cause inaccurate times.
  • Supply counts are checked every 10 seconds.